Construct Infanterie Kompanie
Construct Panzergrenadier Kompanie
Pak 40 Anti-tank Gun Team
Nebelwerfer 42 Rocket Launcher Team
Construct Panzer Kompanie
Nebelwerfer 42 Rocket Launcher Team
Selects Mechanized Battlegroup
Selects Mechanized Battlegroup
Selects StuG Assault Group
Selects UNKNOWN (2160084)
Selects Mobile Repair Stations
Selects Wespe Self-propelled Artillery
Selects Zeroing Artillery Barrage
Zeroing Artillery Barrage
Zeroing Artillery Barrage